BR
ONTARIO EMUS @ WASHINGTON DC HOT SAUCE
09/19/2026
 
TOP OF THE 1ST
Ontario Emus batting - Pitching for Washington DC Hot Sauce : RHP Andre Huff
Pitching: RHP Andre Huff
Batting: RHB Álex Ochoa 0-0: Ball
1-0: Called Strike
1-1: Ball
2-1: Called Strike
2-2: Ball
3-2: Foul Ball, location: 2F
3-2: Foul Ball, location: 2F
3-2: SINGLE (Line Drive, 56)
Batting: LHB Elvin Summers 0-0: Ball
1-0: Ball
Reached via error on a dropped throw, E1
Álex Ochoa to second
Batting: RHB Álex Martínez 0-0: Fly out, F8 (Flyball, 8RM)
Batting: RHB Júlio Colón 0-0: Ball
Álex Ochoa steals 3rd base
Elvin Summers to second
1-0: Ball
2-0: Foul Ball, location: 2F
2-1: Foul Ball, location: 2F
2-2: Strikes out swinging
Batting: LHB Dave Raines 0-0: Ball
1-0: Foul Ball, location: 2F
1-1: Ground out 4-3 (Groundball, 4)
Top of the 1st over - 0 run(s), 1 hit(s), 1 error(s), 2 left on base; Ontario 0 - Washington DC 0
BOTTOM OF THE 1ST
Washington DC Hot Sauce batting - Pitching for Ontario Emus : LHP José Reyes
Pitching: LHP José Reyes
Batting: RHB Javier González 0-0: Called Strike
0-1: Bunt missed!
0-2: Foul Ball, location: 2F
0-2: Ball
1-2: Ball
2-2: SINGLE (Line Drive, 34D)
Batting: LHB Arturo Silva 0-0: Called Strike
0-1: Grounds into double play, U6-3 (Groundball, 6M)
Batting: LHB John White 0-0: Ball
1-0: Fly out, F7 (Flyball, 7M)
Bottom of the 1st over - 0 run(s), 1 hit(s), 0 error(s), 0 left on base; Ontario 0 - Washington DC 0
TOP OF THE 2ND
Ontario Emus batting - Pitching for Washington DC Hot Sauce : RHP Andre Huff
Batting: RHB Albert Galindo 0-0: Foul Ball, location: 2F
0-1: Swinging Strike
0-2: Strikes out looking
Batting: RHB John Robertson 0-0: Ball
1-0: SINGLE (Line Drive, 56)
Batting: RHB Jack Crossey 0-0: Ball
1-0: Ball
2-0: Called Strike
2-1: Ball
3-1: Foul Ball, location: 2F
3-2: Base on Balls
John Robertson to second
Batting: RHB Glen Madden 0-0: Called Strike
0-1: Foul Ball, location: 2F
0-2: Fly out, F8 (Flyball, 8LM)
Batting: RHB Álex Ochoa 0-0: Called Strike
0-1: Foul Ball, location: 2F
0-2: Strikes out swinging
Top of the 2nd over - 0 run(s), 1 hit(s), 0 error(s), 2 left on base; Ontario 0 - Washington DC 0
BOTTOM OF THE 2ND
Washington DC Hot Sauce batting - Pitching for Ontario Emus : LHP José Reyes
Batting: RHB Jesús Ramírez 0-0: SINGLE (Groundball, 4M)
Batting: LHB Pedro Camacho 0-0: Ball
1-0: Ball
2-0: Ball
3-0: Called Strike
3-1: Fly out, F8 (Flyball, 8RS)
Batting: RHB Matt O'Rourke 0-0: Foul Ball, location: 2F
0-1: Ball
1-1: SINGLE (Groundball, 6MD)
Jesús Ramírez to second
Batting: RHB Conner Riley 0-0: Called Strike
0-1: Ball
1-1: Swinging Strike
1-2: Strikes out swinging
Batting: LHB Esteban Zamora 0-0: Called Strike
0-1: Foul Ball, location: 2F
0-2: Ball
1-2: Strikes out swinging
Bottom of the 2nd over - 0 run(s), 2 hit(s), 0 error(s), 2 left on base; Ontario 0 - Washington DC 0
TOP OF THE 3RD
Ontario Emus batting - Pitching for Washington DC Hot Sauce : RHP Andre Huff
Batting: LHB Elvin Summers 0-0: Ball
1-0: Ball
2-0: Foul Ball, location: 2F
2-1: Foul Ball, location: 2F
2-2: Ground out U3 (Groundball, 3)
Batting: RHB Álex Martínez 0-0: Fly out, F4 (Popup, 4S)
Batting: RHB Júlio Colón 0-0: Foul Ball, location: 2F
0-1: Ball
1-1: Foul Ball, location: 2F
1-2: Fly out, F6 (Popup, 6D)
Top of the 3rd over - 0 run(s), 0 hit(s), 0 error(s), 0 left on base; Ontario 0 - Washington DC 0
BOTTOM OF THE 3RD
Washington DC Hot Sauce batting - Pitching for Ontario Emus : LHP José Reyes
Batting: RHB Jake Reeves 0-0: Ground out 5-3 (Groundball, 56)
Batting: RHB Javier González 0-0: Ball
1-0: SINGLE (Line Drive, 4D)
Batting: LHB Arturo Silva 0-0: Called Strike
0-1: Called Strike
0-2: DOUBLE (Line Drive, 9LM)
Javier González to third
Batting: LHB John White 0-0: Ground out 1-3 (Groundball, 23)
Batting: RHB Jesús Ramírez 0-0: Ball
1-0: Foul Ball, location: 2F
1-1: Foul Ball, location: 2F
1-2: Foul Ball, location: 2F
1-2: Fly out, F9 (Flyball, 9S)
Bottom of the 3rd over - 0 run(s), 2 hit(s), 0 error(s), 2 left on base; Ontario 0 - Washington DC 0
TOP OF THE 4TH
Ontario Emus batting - Pitching for Washington DC Hot Sauce : RHP Andre Huff
Batting: LHB Dave Raines 0-0: Foul Ball, location: 2F
0-1: Ground out 5-3 (Groundball, 56S)
Batting: RHB Albert Galindo 0-0: Called Strike
0-1: Ball
1-1: Fly out, F8 (Flyball, 8RM)
Batting: RHB John Robertson 0-0: Swinging Strike
0-1: Ball
1-1: Foul Ball, location: 2F
1-2: Ball
2-2: Strikes out swinging
Top of the 4th over - 0 run(s), 0 hit(s), 0 error(s), 0 left on base; Ontario 0 - Washington DC 0
BOTTOM OF THE 4TH
Washington DC Hot Sauce batting - Pitching for Ontario Emus : LHP José Reyes
Batting: LHB Pedro Camacho 0-0: Ball
1-0: Ball
2-0: Called Strike
2-1: Ground out 5-3 (Groundball, 15S)
Batting: RHB Matt O'Rourke 0-0: Called Strike
0-1: Bunt missed!
0-2: Ball
1-2: Foul Ball, location: 2F
1-2: Ground out 5-3 (Groundball, 5S)
Batting: RHB Conner Riley 0-0: Ground out 4-3 (Groundball, 4)
Bottom of the 4th over - 0 run(s), 0 hit(s), 0 error(s), 0 left on base; Ontario 0 - Washington DC 0
TOP OF THE 5TH
Ontario Emus batting - Pitching for Washington DC Hot Sauce : RHP Andre Huff
Batting: RHB Jack Crossey 0-0: SINGLE (Line Drive, 4D)
Batting: RHB Glen Madden 0-0: Called Strike
0-1: Swinging Strike
0-2: Strikes out looking
Batting: RHB Álex Ochoa 0-0: Called Strike
0-1: Called Strike
0-2: Fielders Choice at 2nd, 6-4 (Groundball, 6)
Batting: LHB Elvin Summers 0-0: Ball
1-0: Swinging Strike
1-1: Ball
2-1: Ball
3-1: Called Strike
3-2: Ground out 6-3 (Groundball, 6M)
Top of the 5th over - 0 run(s), 1 hit(s), 0 error(s), 1 left on base; Ontario 0 - Washington DC 0
BOTTOM OF THE 5TH
Washington DC Hot Sauce batting - Pitching for Ontario Emus : LHP José Reyes
Batting: LHB Esteban Zamora 0-0: Hit by Pitch
Batting: RHB Jake Reeves 0-0: Ball
1-0: Fly out, F5 (Line Drive, 5)
Batting: RHB Javier González 0-0: Ball
1-0: Foul Ball, location: 2F
1-1: Fly out, F9 (Line Drive, 9M)
Batting: LHB Arturo Silva 0-0: Foul Ball, location: 2F
0-1: Called Strike
0-2: Foul Ball, location: 2F
0-2: SINGLE (Groundball, 56)
Esteban Zamora to second
Batting: LHB John White 0-0: Ball
1-0: Called Strike
1-1: Foul Ball, location: 2F
1-2: Ground out 4-3 (Groundball, 4)
Bottom of the 5th over - 0 run(s), 1 hit(s), 0 error(s), 2 left on base; Ontario 0 - Washington DC 0
TOP OF THE 6TH
Ontario Emus batting - Pitching for Washington DC Hot Sauce : RHP Andre Huff
Batting: RHB Álex Martínez 0-0: Ball
1-0: Ball
2-0: Called Strike
2-1: Fly out, F9 (Flyball, 9LM)
Batting: RHB Júlio Colón 0-0: Ball
1-0: Ball
2-0: Called Strike
2-1: Ball
3-1: Fly out, F7 (Flyball, 78XD)
Batting: LHB Dave Raines 0-0: Ball
1-0: Ball
2-0: Ball
3-0: Base on Balls
Pitching: RHP Millard Finch
Batting: RHB Albert Galindo 0-0: Fly out, F9 (Flyball, 9D)
Top of the 6th over - 0 run(s), 0 hit(s), 0 error(s), 1 left on base; Ontario 0 - Washington DC 0
BOTTOM OF THE 6TH
Washington DC Hot Sauce batting - Pitching for Ontario Emus : LHP José Reyes
Batting: RHB Jesús Ramírez 0-0: Fly out, F4 (Popup, 4)
Batting: LHB Pedro Camacho 0-0: Ball
1-0: Foul Ball, location: 2F
1-1: Ball
2-1: Foul Ball, location: 2F
2-2: Ball
3-2: Strikes out swinging
Batting: RHB Matt O'Rourke 0-0: Foul Ball, location: 2F
0-1: Ball
1-1: Ball
2-1: Fly out, F8 (Flyball, 8LM)
Bottom of the 6th over - 0 run(s), 0 hit(s), 0 error(s), 0 left on base; Ontario 0 - Washington DC 0
TOP OF THE 7TH
Ontario Emus batting - Pitching for Washington DC Hot Sauce : RHP Millard Finch
Pinch Hitting: SHB César Maldonado 0-0: Called Strike
0-1: Ball
1-1: Foul Ball, location: 2F
1-2: Strikes out swinging
Batting: RHB Jack Crossey 0-0: Foul Ball, location: 2F
0-1: Ball
1-1: Ball
2-1: Ball
3-1: Swinging Strike
3-2: Ground out 1-3 (Groundball, 13S)
Batting: RHB Glen Madden 0-0: Ball
1-0: Ball
2-0: Foul Ball, location: 2F
2-1: Ball
3-1: Foul Ball, location: 2F
3-2: Strikes out swinging
Top of the 7th over - 0 run(s), 0 hit(s), 0 error(s), 0 left on base; Ontario 0 - Washington DC 0
BOTTOM OF THE 7TH
Washington DC Hot Sauce batting - Pitching for Ontario Emus : LHP José Reyes
Now at 1B: César Maldonado
Pinch Hitting: RHB Júlio García 0-0: Hit by Pitch
Batting: LHB Esteban Zamora 0-0: Ball
1-0: Sac Bunt - play at first, batter OUT! 5-3
Júlio García to second
Pinch Hitting: RHB Juan López 0-0: Ball
1-0: Called Strike
1-1: Ball
2-1: Called Strike
2-2: Foul Ball, location: 2F
2-2: Strikes out swinging
Pitching: RHP Shaun Harris
Batting: RHB Javier González 0-0: Ground out 2-3 (Groundball, 2R)
Bottom of the 7th over - 0 run(s), 0 hit(s), 0 error(s), 1 left on base; Ontario 0 - Washington DC 0
TOP OF THE 8TH
Ontario Emus batting - Pitching for Washington DC Hot Sauce : RHP Millard Finch
Now at 2B: Júlio García
Now at 3B: Juan Vélez
Batting: RHB Álex Ochoa 0-0: Foul Ball, location: 2F
0-1: Ball
1-1: Foul Ball, location: 2F
1-2: Ball
2-2: Fly out, F8 (Flyball, 8LM)
Batting: LHB Elvin Summers 0-0: Ball
1-0: Called Strike
1-1: Ball
2-1: Ground out 4-3 (Groundball, 4)
Pinch Hitting: LHB Cipriano Martínez 0-0: Ground out 1-3 (Groundball, 13S)
Top of the 8th over - 0 run(s), 0 hit(s), 0 error(s), 0 left on base; Ontario 0 - Washington DC 0
BOTTOM OF THE 8TH
Washington DC Hot Sauce batting - Pitching for Ontario Emus : RHP Shaun Harris
Now at SS: Bill Bourland
Batting: LHB Arturo Silva 0-0: Ground out 1-3 (Groundball, 15S)
Batting: LHB John White 0-0: Foul Ball, location: 2F
0-1: Ball
1-1: Ball
2-1: Fly out, F2 (Popup, 2LF)
Batting: RHB Jesús Ramírez 0-0: Ball
1-0: Called Strike
1-1: Ball
2-1: Swinging Strike
2-2: Strikes out swinging
Bottom of the 8th over - 0 run(s), 0 hit(s), 0 error(s), 0 left on base; Ontario 0 - Washington DC 0
TOP OF THE 9TH
Ontario Emus batting - Pitching for Washington DC Hot Sauce : RHP Millard Finch
Pitching: RHP Chris Jacobs
Batting: RHB Júlio Colón 0-0: Called Strike
0-1: Foul Ball, location: 2F
0-2: Fly out, F8 (Line Drive, 89M)
Batting: LHB Dave Raines 0-0: Foul Ball, location: 2F
0-1: Ball
1-1: Foul Ball, location: 2F
1-2: Foul Ball, location: 2F
1-2: Ball
2-2: Ball
3-2: Foul Ball, location: 2F
3-2: Strikes out swinging
Batting: RHB Albert Galindo 0-0: Fly out, F9 (Flyball, 89D)
Top of the 9th over - 0 run(s), 0 hit(s), 0 error(s), 0 left on base; Ontario 0 - Washington DC 0
BOTTOM OF THE 9TH
Washington DC Hot Sauce batting - Pitching for Ontario Emus : RHP Shaun Harris
Pitching: LHP Walt MacKey
Pinch Hitting: RHB Francisco Luna 0-0: Ball
1-0: Foul Ball, location: 2F
1-1: Swinging Strike
1-2: Foul Ball, location: 2F
1-2: Strikes out swinging
Batting: RHB Matt O'Rourke 0-0: Ball
1-0: Ground out 2-3 (Groundball, 25)
Batting: RHB Júlio García 0-0: Ground out 6-3 (Groundball, 6M)
Bottom of the 9th over - 0 run(s), 0 hit(s), 0 error(s), 0 left on base; Ontario 0 - Washington DC 0
TOP OF THE 10TH
Ontario Emus batting - Pitching for Washington DC Hot Sauce : RHP Chris Jacobs
Now at 2B: Francisco Luna
Batting: SHB César Maldonado 0-0: Foul Ball, location: 2F
0-1: Ball
1-1: Called Strike
1-2: Strikes out swinging
Batting: RHB Jack Crossey 0-0: Ball
1-0: Ball
2-0: Ball
3-0: Base on Balls
Batting: RHB Glen Madden 0-0: Called Strike
0-1: Ball
1-1: Ball
2-1: Foul Ball, location: 2F
2-2: Ball
3-2: Fly out, F9 (Flyball, 9S)
Batting: RHB Álex Ochoa 0-0: Foul Ball, location: 2F
0-1: Ball
1-1: SINGLE (Line Drive, 9LS)
Jack Crossey to second
Batting: LHB Elvin Summers 0-0: Ball
1-0: Called Strike
1-1: Ball
2-1: Ball
3-1: Ground out 1-3 (Groundball, 15)
Top of the 10th over - 0 run(s), 1 hit(s), 0 error(s), 2 left on base; Ontario 0 - Washington DC 0
BOTTOM OF THE 10TH
Washington DC Hot Sauce batting - Pitching for Ontario Emus : LHP Walt MacKey
Batting: LHB Esteban Zamora 0-0: Ball
1-0: Foul Ball, location: 2F
1-1: Foul Ball, location: 2F
1-2: Ground out 4-3 (Groundball, 34)
Batting: RHB Juan Vélez 0-0: Swinging Strike
0-1: Ball
1-1: Ball
2-1: Foul Ball, location: 2F
2-2: Foul Ball, location: 2F
2-2: Ball
3-2: Strikes out looking
Batting: RHB Javier González 0-0: Ball
1-0: Ball
2-0: Called Strike
2-1: DOUBLE (Flyball, 78XD)
Pinch Hitting: RHB Juan García 0-0: Ball
1-0: Ground out 5-3 (Groundball, 5)
Bottom of the 10th over - 0 run(s), 1 hit(s), 0 error(s), 1 left on base; Ontario 0 - Washington DC 0
TOP OF THE 11TH
Ontario Emus batting - Pitching for Washington DC Hot Sauce : RHP Chris Jacobs
Pitching: RHP Javier García
Now at C: Manuel Martínez
Batting: RHB Bill Bourland 0-0: Called Strike
0-1: Called Strike
0-2: Ball
1-2: Ball
2-2: Foul Ball, location: 2F
2-2: Strikes out swinging
Batting: RHB Júlio Colón 0-0: Called Strike
0-1: Ball
1-1: Foul Ball, location: 2F
1-2: DOUBLE (Line Drive, 7LS)
Batting: LHB Dave Raines 0-0: Intentional Walk
Batting: RHB Albert Galindo 0-0: Called Strike
0-1: Called Strike
0-2: Ball
1-2: Foul Ball, location: 2F
1-2: Ball
2-2: Foul Ball, location: 2F
2-2: Foul Ball, location: 2F
2-2: Fly out, F7 (Line Drive, 7M)
Batting: SHB César Maldonado 0-0: Foul Ball, location: 2F
0-1: Ball
1-1: Called Strike
1-2: Ball
2-2: Ball
3-2: Strikes out swinging
Top of the 11th over - 0 run(s), 1 hit(s), 0 error(s), 2 left on base; Ontario 0 - Washington DC 0
BOTTOM OF THE 11TH
Washington DC Hot Sauce batting - Pitching for Ontario Emus : LHP Walt MacKey
Pitching: LHP Albert Martin
Batting: LHB John White 0-0: Ball
1-0: Called Strike
1-1: Swinging Strike
1-2: SINGLE (Line Drive, 6M)
Pinch Runner at 1st Will David:
Batting: RHB Jesús Ramírez Pickoff Throw to First - Error! E1
Will David to second
0-0: SINGLE (Groundball, 6)
Will David to third
Batting: RHB Francisco Luna 0-0: Ball
1-0: Called Strike
1-1: Swinging Strike
1-2: Strikes out swinging
Batting: RHB Matt O'Rourke 0-0: Ball
1-0: Fly out, F8 (Flyball, 8LS)
Batting: RHB Júlio García 0-0: Foul Ball, location: 2F
0-1: Foul Ball, location: 2F
0-2: Ball
1-2: Ball
2-2: Fly out, F9 (Flyball, 89S)
Bottom of the 11th over - 0 run(s), 2 hit(s), 1 error(s), 2 left on base; Ontario 0 - Washington DC 0
TOP OF THE 12TH
Ontario Emus batting - Pitching for Washington DC Hot Sauce : RHP Javier García
Now at 1B: Jay Black
Batting: RHB Jack Crossey 0-0: Ball
1-0: Fly out, F7 (Flyball, 78M)
Batting: RHB Glen Madden 0-0: Ball
1-0: SINGLE (Line Drive, 7LS)
Batting: RHB Álex Ochoa 0-0: Called Strike
0-1: Ball
1-1: Foul Ball, location: 2F
1-2: Ball
2-2: Fly out, F8 (Flyball, 8RS)
Batting: LHB Elvin Summers 0-0: Ball
1-0: Swinging Strike
1-1: Ball
2-1: Ball
3-1: SINGLE (Groundball, 56D)
Glen Madden to second
Batting: RHB Bill Bourland 0-0: Ball
1-0: Called Strike
1-1: Ball
2-1: Foul Ball, location: 2F
2-2: Strikes out swinging
Top of the 12th over - 0 run(s), 2 hit(s), 0 error(s), 2 left on base; Ontario 0 - Washington DC 0
BOTTOM OF THE 12TH
Washington DC Hot Sauce batting - Pitching for Ontario Emus : LHP Albert Martin
Batting: LHB Esteban Zamora 0-0: Called Strike
0-1: Ground out U3 (Groundball, 3)
Batting: RHB Juan Vélez 0-0: Swinging Strike
0-1: Swinging Strike
0-2: Foul Ball, location: 2F
0-2: Ball
1-2: Fly out, F7 (Flyball, 7LM)
Batting: RHB Javier González 0-0: Ball
1-0: Called Strike
1-1: Ball
2-1: DOUBLE (Line Drive, 7LS)
Batting: RHB Manuel Martínez 0-0: Called Strike
0-1: Foul Ball, location: 2F
0-2: Ball
1-2: Ball
2-2: Foul Ball, location: 2F
2-2: Foul Ball, location: 2F
2-2: Ball
3-2: DOUBLE (Groundball, 3L)
Javier González scores
Monday, December 5th, 2016 - OOTP Baseball 17.12 Build 75